AoeStats
← [GG] Shevchenko 7

MegaRandom

509462806Analyzed
4v4 RM · 6d ago on Sep 26, 2026· 44m 22s· 8 players
Game mode
Random Map
Map size
Large (8 player)
Population
200
Speed
Normal
Resources
Standard
Victory
Conquest
Starting age
Dark Age
Ending age
Imperial Age
RankedLock teamsTeams togetherTeam positionsShared explorationLock speedFull tech treeHidden civsTurbo modeCheats
Victory
Defeat
1018
+15
🇧🇷 Japanese · Brazil
991
+16
🇧🇷 Portuguese · Brazil
946
+18
🇧🇷 Danes · Brazil
883
+19
🇹🇷 Mongols · Türkiye
1003
-18
🇪🇸 Danes · Spain
996
-18
963
-16
🇪🇸 Britons · Spain
961
-16
CountOfGondomar
7:21 Loom
9:37 Feudal Age
10:11 Double-Bit Axe
19:02 Castle Age
18:28 Stone Mining
23:23 Wheelbarrow
23:06 Gold Mining
23:55 Pikeman
26:33 Bow Saw
27:52 Hand Cart
27:43 Squires
27:29 Gambesons
28:09 Scale Mail Armor
28:45 Arson
29:29 Horse Collar
30:44 Gold Shaft Mining
32:05 Heavy Plow
33:19 Chain Mail Armor
32:51 Arson
33:03 Town Watch
36:08 Imperial Age
33:56 Man-at-Arms
34:04 Man-at-Arms
35:30 Forging
35:06 Long Swordsman
35:44 Murder Holes
35:58 Caravan
36:57 Iron Casting
36:34 Two-Handed Swordsman
37:10 Capped Ram
39:03 Conscription
38:36 Heavy Scorpion
39:17 Fletching
40:54 Elite Skirmisher
40:59 Halberdier
41:47 Bodkin Arrow
43:36 Chemistry
42:43 Siege Engineers
42:51 Hamask
CountessOfGondomar
0:41 Loom
12:12 Feudal Age
16:18 Castle Age
14:09 Double-Bit Axe
20:34 Wheelbarrow
19:46 Town Watch
21:29 Bow Saw
21:00 Horse Collar
22:25 Heavy Plow
25:58 Treadmill Crane
26:40 Ballistics
26:16 Murder Holes
29:10 Fletching
29:21 Padded Archer Armor
34:15 Imperial Age
32:29 Hand Cart
32:24 Stone Mining
32:24 Gold Mining
32:53 Hill Forts
34:22 Leather Archer Armor
34:02 Bodkin Arrow
34:18 Forging
34:14 Scale Barding Armor
34:26 Masonry
36:21 Stone Shaft Mining
36:49 Crop Rotation
37:03 Iron Casting
38:52 Hoardings
38:39 Conscription
40:08 Chain Barding Armor
40:52 Bloodlines
40:42 Husbandry
43:05 Plate Barding Armor
daninull
0:32 Loom
10:39 Feudal Age
11:15 Double-Bit Axe
11:12 Horse Collar
19:58 Castle Age
21:18 Wheelbarrow
28:00 Crossbowman
30:02 Fletching
31:21 Bodkin Arrow
31:32 Padded Archer Armor
33:07 Town Watch
37:17 Imperial Age
36:03 Ballistics
37:24 Arbalester
38:17 Bracer
Mystic Boy
9:08 Loom
10:53 Feudal Age
15:38 Castle Age
13:45 Horse Collar
13:51 Double-Bit Axe
14:16 Stone Mining
16:25 Heavy Plow
21:02 Bow Saw
21:27 Fletching
25:04 Bodkin Arrow
25:22 Town Watch
26:47 Bloodlines
29:48 Wheelbarrow
29:19 Husbandry
31:22 Nomads
31:48 Ballistics
31:46 Gold Mining
32:47 Hand Cart
32:47 Hand Cart
36:54 Imperial Age
33:53 Light Cavalry
34:37 Padded Archer Armor
37:56 Bracer
38:11 Leather Archer Armor
38:24 Parthian Tactics
37:30 Elite Mangudai
38:48 Hoardings
41:02 Chemistry
39:29 Hussar
44:06 Forging
44:02 Scale Barding Armor
[GG] Shevchenko 7
8:47 Loom
11:25 Feudal Age
13:14 Wheelbarrow
14:20 Scale Barding Armor
21:54 Castle Age
25:36 Horse Collar
25:43 Double-Bit Axe
33:33 Imperial Age
31:31 Husbandry
31:52 Light Cavalry
32:36 Gold Mining
33:39 Bloodlines
35:15 Chain Barding Armor
36:00 Cavalier
37:31 Ballistics
40:04 Fletching
40:15 Padded Archer Armor
42:09 Chemistry
43:13 Elite Organ Gun
44:39 Bodkin Arrow
[GG] Trezeguet
10:18 Feudal Age
9:31 Loom
15:42 Castle Age
13:47 Double-Bit Axe
19:40 Horse Collar
20:25 Bow Saw
21:23 Heavy Plow
21:33 Gold Mining
23:36 Gold Shaft Mining
28:07 Wheelbarrow
28:39 Stone Mining
29:17 Hand Cart
33:11 Imperial Age
30:37 Elite Skirmisher
30:48 Pikeman
31:29 Squires
33:51 Forging
33:41 Scale Mail Armor
33:32 Fletching
33:42 Padded Archer Armor
36:01 Iron Casting
35:42 Chain Mail Armor
35:22 Bodkin Arrow
36:25 Leather Archer Armor
36:03 Halberdier
37:51 Ballistics
38:32 Chemistry
38:34 Blast Furnace
40:35 Yasama
39:56 Elite Samurai
[GG] Raúl González Blanco
10:18 Feudal Age
13:47 Loom
15:00 Bloodlines
17:05 Town Watch
20:19 Castle Age
18:10 Town Watch
18:59 Horse Collar
19:08 Double-Bit Axe
21:01 Crossbowman
28:06 Thumb Ring
29:06 Bow Saw
30:10 Kamandaran
31:36 Fletching
31:46 Padded Archer Armor
31:52 Scale Barding Armor
31:57 Forging
31:51 Town Patrol
33:29 Wheelbarrow
34:13 Fervor
34:25 Murder Holes
35:58 Bodkin Arrow
36:41 Iron Casting
36:25 Hand Cart
36:29 Husbandry
37:02 Leather Archer Armor
37:23 Chain Barding Armor
42:16 Imperial Age
43:19 Plate Barding Armor
43:14 Ring Archer Armor
43:32 Ballistics
44:12 Chemistry
45:15 Chemistry
[GG] Ibrahimovic
4:51 Loom
11:55 Feudal Age
12:26 Man-at-Arms
13:06 Town Watch
13:14 Horse Collar
13:35 Double-Bit Axe
16:43 Forging
16:36 Padded Archer Armor
17:27 Scale Mail Armor
17:18 Fletching
24:32 Castle Age
25:32 Wheelbarrow
26:06 Leather Archer Armor
27:10 Town Patrol
28:08 Gambesons
27:44 Long Swordsman
27:45 Pikeman
29:48 Arson
34:28 Bodkin Arrow
35:09 Iron Casting
34:50 Chain Mail Armor
35:13 Bow Saw
36:02 Heavy Plow
35:35 Elite Skirmisher
42:41 Sanctity
Connection lost

Rejoining the realm…

Still unreachable

The connection could not be restored.

Session expired

The server has moved on; the page needs a fresh start.